TOP OF THE 1ST |
District 9 Prawns batting - Pitching for Las Vegas Stars : LHP Carlos Castillo
|
Pitching: LHP Carlos Castillo
|
|
Batting: SHB Félix Montoya
|
0-0: SINGLE (Flyball, 89M)
|
Batting: RHB José Colón
|
0-0: Called Strike 0-1: Ball 1-1: Ball 2-1: Foul Ball, location: 2F 2-2: Ball 3-2: Base on Balls Félix Montoya to second
|
Batting: RHB Felipe Jareño
|
0-0: Ball 1-0: Ball 2-0: Swinging Strike 2-1: Called Strike 2-2: Strikes out swinging
|
Batting: SHB Rick Turner
|
0-0: Called Strike 0-1: Ball 1-1: Called Strike 1-2: Ball 2-2: Ball 3-2: Strikes out swinging
|
Batting: RHB Reynold Akker
|
0-0: Ball 1-0: Foul Ball, location: 2F 1-1: Fly out, F7 (Flyball, 7S)
|
Top of the 1st over - 0 run(s), 1 hit(s), 0 error(s), 2 left on base; District 9 0 - Las Vegas 0 |
BOTTOM OF THE 1ST |
Las Vegas Stars batting - Pitching for District 9 Prawns : RHP Víctor Ventura
|
Pitching: RHP Víctor Ventura
|
|
Batting: RHB José Pinto
|
0-0: Fly out, F7 (Line Drive, 78M)
|
Batting: SHB Júlio Salazar
|
0-0: Called Strike 0-1: Ball 1-1: Foul Ball, location: 2F 1-2: Foul Ball, location: 2F 1-2: Strikes out swinging
|
Batting: LHB Patrick Osborne
|
0-0: Ball 1-0: SINGLE (Flyball, 78S)
|
Batting: SHB Chris Bennis
|
0-0: Ball 1-0: Ball 2-0: Fly out, F6 (Popup, 6)
|
Bottom of the 1st over - 0 run(s), 1 hit(s), 0 error(s), 1 left on base; District 9 0 - Las Vegas 0 |
TOP OF THE 2ND |
District 9 Prawns batting - Pitching for Las Vegas Stars : LHP Carlos Castillo
|
Batting: SHB José Estreito
|
0-0: Foul Ball, location: 2F 0-1: Called Strike 0-2: Ball 1-2: Strikes out swinging
|
Batting: LHB Al Bartlett
|
0-0: Ball 1-0: Called Strike 1-1: Called Strike 1-2: Foul Ball, location: 2F 1-2: Strikes out looking
|
Batting: LHB Culley Vaughan
|
0-0: Ball 1-0: Foul Ball, location: 2F 1-1: Single, Error in OF, E9, batter to second base
|
Batting: RHB Phil Jacobs
|
0-0: Ball 1-0: Called Strike 1-1: Foul Ball, location: 2F 1-2: Strikes out swinging
|
Top of the 2nd over - 0 run(s), 1 hit(s), 1 error(s), 1 left on base; District 9 0 - Las Vegas 0 |
TOP OF THE 3RD |
District 9 Prawns batting - Pitching for Las Vegas Stars : LHP Carlos Castillo
|
Batting: SHB Félix Montoya
|
0-0: Ball 1-0: Foul Ball, location: 2F 1-1: Ball 2-1: Foul Ball, location: 2F 2-2: Strikes out swinging
|
Batting: RHB José Colón
|
0-0: Ball 1-0: Swinging Strike 1-1: Ball 2-1: Ball 3-1: Base on Balls
|
Batting: RHB Felipe Jareño
|
0-0: Ball 1-0: Called Strike 1-1: Foul Ball, location: 2F 1-2: Foul Ball, location: 2F 1-2: Ball 2-2: Strikes out swinging
|
Batting: SHB Rick Turner
|
0-0: Ball 1-0: Ball 2-0: Foul Ball, location: 2F 2-1: Fielders Choice at 2nd, 4-6 (Groundball, 4)
|
Top of the 3rd over - 0 run(s), 0 hit(s), 0 error(s), 0 left on base; District 9 0 - Las Vegas 3 |
BOTTOM OF THE 3RD |
Las Vegas Stars batting - Pitching for District 9 Prawns : RHP Víctor Ventura
|
Batting: LHB Bryan Foster
|
0-0: Ground out U3 (Groundball, 34)
|
Batting: SHB Sloan James
|
0-0: Ball 1-0: Ground out 4-3 (Groundball, 4)
|
Batting: RHB Pedro Mata
|
0-0: Ball 1-0: Ball 2-0: Ball 3-0: Base on Balls
|
Batting: LHB Clint Parkinson
|
0-0: Foul Ball, location: 2F 0-1: Swinging Strike 0-2: Strikes out swinging
|
Bottom of the 3rd over - 0 run(s), 0 hit(s), 0 error(s), 1 left on base; District 9 0 - Las Vegas 3 |
TOP OF THE 4TH |
District 9 Prawns batting - Pitching for Las Vegas Stars : LHP Carlos Castillo
|
Batting: RHB Reynold Akker
|
0-0: Foul Ball, location: 2F 0-1: Called Strike 0-2: Ball 1-2: Ball 2-2: Ground out 5-3 (Groundball, 5)
|
Batting: SHB José Estreito
|
0-0: Ball 1-0: Ball 2-0: Called Strike 2-1: Ground out 5-3 (Groundball, 56)
|
Batting: LHB Al Bartlett
|
0-0: Called Strike 0-1: Swinging Strike 0-2: Ball 1-2: Ball 2-2: Ground out 6-3 (Groundball, 6)
|
Top of the 4th over - 0 run(s), 0 hit(s), 0 error(s), 0 left on base; District 9 0 - Las Vegas 3 |
BOTTOM OF THE 4TH |
Las Vegas Stars batting - Pitching for District 9 Prawns : RHP Víctor Ventura
|
Batting: LHB Nathan Frey
|
0-0: Ball 1-0: Ball 2-0: Ball 3-0: Called Strike 3-1: Called Strike 3-2: Foul Ball, location: 2F 3-2: Base on Balls
|
Batting: RHB José Pinto
|
0-0: Ball 1-0: Ball 2-0: Swinging Strike 2-1: Ball 3-1: SINGLE (Groundball, 4S) (infield hit) Nathan Frey to second
|
Batting: SHB Júlio Salazar
|
0-0: Called Strike 0-1: Ball Balk! Nathan Frey to third José Pinto to second 1-1: Ball 2-1: Fly out, F7 (Flyball, 78M) Runner from 3rd tags up, SCORES, throw made
|
Batting: LHB Patrick Osborne
|
0-0: Foul Ball, location: 2F 0-1: Ball 1-1: Ball 2-1: Fly out, F6 (Line Drive, 6)
|
Batting: SHB Chris Bennis
|
0-0: Fly out, F8 (Line Drive, 78S)
|
Bottom of the 4th over - 1 run(s), 1 hit(s), 0 error(s), 1 left on base; District 9 0 - Las Vegas 4 |
TOP OF THE 5TH |
District 9 Prawns batting - Pitching for Las Vegas Stars : LHP Carlos Castillo
|
Batting: LHB Culley Vaughan
|
0-0: Foul Ball, location: 2F 0-1: Foul Ball, location: 2F 0-2: Ball 1-2: Fly out, F8 (Flyball, 8RM)
|
Batting: RHB Phil Jacobs
|
0-0: Ball 1-0: Ball 2-0: Foul Ball, location: 2F 2-1: Ball 3-1: Fly out, F9 (Flyball, 9)
|
Batting: SHB Félix Montoya
|
0-0: Called Strike 0-1: SINGLE (Line Drive, 8LS)
|
Batting: RHB José Colón
|
0-0: Ball 1-0: Foul Ball, location: 2F 1-1: Ball Félix Montoya steals 2nd base 2-1: Ball 3-1: Fly out, F9 (Flyball, 9S)
|
Top of the 5th over - 0 run(s), 1 hit(s), 0 error(s), 1 left on base; District 9 0 - Las Vegas 4 |
BOTTOM OF THE 5TH |
Las Vegas Stars batting - Pitching for District 9 Prawns : RHP Víctor Ventura
|
Batting: LHB Bryan Foster
|
0-0: Ball 1-0: Called Strike 1-1: Foul Ball, location: 2F 1-2: Foul Ball, location: 2F 1-2: Ball 2-2: Foul Ball, location: 2F 2-2: Ball 3-2: Strikes out swinging
|
Batting: SHB Sloan James
|
0-0: Ball 1-0: Foul Ball, location: 2F 1-1: Ball 2-1: Called Strike 2-2: Ball 3-2: Foul Ball, location: 2F 3-2: Foul Ball, location: 2F 3-2: Strikes out swinging
|
Batting: RHB Pedro Mata
|
0-0: Ball 1-0: Swinging Strike 1-1: Ball 2-1: Called Strike 2-2: Ball 3-2: Ground out 5-3 (Groundball, 5S)
|
Bottom of the 5th over - 0 run(s), 0 hit(s), 0 error(s), 0 left on base; District 9 0 - Las Vegas 4 |
TOP OF THE 6TH |
District 9 Prawns batting - Pitching for Las Vegas Stars : LHP Carlos Castillo
|
Batting: RHB Felipe Jareño
|
0-0: Ball 1-0: Called Strike 1-1: Ball 2-1: Called Strike 2-2: Ball 3-2: Ground out 6-3 (Groundball, 6M)
|
Batting: SHB Rick Turner
|
0-0: Foul Ball, location: 2F 0-1: Ball 1-1: Ball 2-1: Fly out, F4 (Line Drive, 4M)
|
Batting: RHB Reynold Akker
|
0-0: Ball 1-0: Called Strike 1-1: Ball 2-1: Foul Ball, location: 2F 2-2: Ball 3-2: Foul Ball, location: 2F 3-2: Base on Balls
|
Pitching: RHP Roberto Moreno
|
|
Batting: SHB José Estreito
|
0-0: Swinging Strike 0-1: Swinging Strike 0-2: Strikes out swinging
|
Top of the 6th over - 0 run(s), 0 hit(s), 0 error(s), 1 left on base; District 9 0 - Las Vegas 4 |
BOTTOM OF THE 6TH |
Las Vegas Stars batting - Pitching for District 9 Prawns : RHP Víctor Ventura
|
Pitching: RHP Juan Gutiérrez
|
|
Batting: LHB Clint Parkinson
|
0-0: Ground out U3 (Groundball, 3L)
|
Batting: LHB Nathan Frey
|
0-0: Called Strike 0-1: Called Strike 0-2: Fly out, F7 (Flyball, 78D)
|
Batting: RHB José Pinto
|
0-0: Ball 1-0: Called Strike 1-1: Called Strike 1-2: Foul Ball, location: 2F 1-2: Fly out, F6 (Popup, 6D)
|
Bottom of the 6th over - 0 run(s), 0 hit(s), 0 error(s), 0 left on base; District 9 0 - Las Vegas 4 |
TOP OF THE 7TH |
District 9 Prawns batting - Pitching for Las Vegas Stars : RHP Roberto Moreno
|
Batting: LHB Al Bartlett
|
0-0: Ground out 5-3 (Groundball, 25)
|
Batting: LHB Culley Vaughan
|
0-0: Fly out, F8 (Line Drive, 8RM)
|
Batting: RHB Phil Jacobs
|
0-0: Called Strike 0-1: Ball 1-1: Ball 2-1: Fly out, F4 (Popup, 4)
|
Top of the 7th over - 0 run(s), 0 hit(s), 0 error(s), 0 left on base; District 9 0 - Las Vegas 4 |
BOTTOM OF THE 7TH |
Las Vegas Stars batting - Pitching for District 9 Prawns : RHP Juan Gutiérrez
|
Batting: SHB Júlio Salazar
|
0-0: Ball 1-0: Swinging Strike 1-1: Ball 2-1: Foul Ball, location: 2F 2-2: Ball 3-2: Base on Balls
|
Batting: LHB Patrick Osborne
|
0-0: Foul Ball, location: 2F 0-1: Ball 1-1: Called Strike 1-2: Foul Ball, location: 2F 1-2: Ball 2-2: Ball 3-2: Foul Ball, location: 2F 3-2: Base on Balls Júlio Salazar to second
|
Batting: SHB Chris Bennis
|
0-0: Ball Júlio Salazar steals 3rd base Patrick Osborne to second 1-0: Intentional Walk
|
Batting: LHB Bryan Foster
|
0-0: Ball 1-0: Called Strike 1-1: Ball 2-1: Ball 3-1: Base on Balls Júlio Salazar scores Patrick Osborne to third Chris Bennis to second
|
Batting: SHB Sloan James
|
0-0: Called Strike 0-1: Ball 1-1: Ball 2-1: Swinging Strike 2-2: Strikes out swinging
|
Batting: RHB Pedro Mata
|
0-0: Called Strike 0-1: Ball 1-1: Ball 2-1: DOUBLE (Line Drive, 89D) Patrick Osborne scores Chris Bennis scores Bryan Foster to third Runner from 3rd tries for Home, SAFE, throw made home
|
Pitching: RHP Eduardo Delgado
|
|
Batting: LHB Clint Parkinson
|
0-0: Called Strike 0-1: Ball 1-1: Ball 2-1: Ball 3-1: Foul Ball, location: 2F 3-2: Strikes out looking
|
Batting: LHB Nathan Frey
|
0-0: Ball 1-0: Ground out 5-3 (Groundball, 56)
|
Bottom of the 7th over - 4 run(s), 1 hit(s), 0 error(s), 1 left on base; District 9 0 - Las Vegas 8 |
TOP OF THE 8TH |
District 9 Prawns batting - Pitching for Las Vegas Stars : RHP Roberto Moreno
|
Now at C: Zack Flint
|
|
Now at 2B: Héctor Barajas
|
|
Batting: SHB Félix Montoya
|
0-0: Ball 1-0: Ball 2-0: Foul Ball, location: 2F 2-1: Foul Ball, location: 2F 2-2: Foul Ball, location: 2F 2-2: Strikes out swinging
|
Batting: RHB José Colón
|
0-0: Called Strike 0-1: Ball 1-1: Swinging Strike 1-2: Ball 2-2: Fly out, F9 (Flyball, 9S)
|
Batting: RHB Felipe Jareño
|
0-0: Called Strike 0-1: Foul Ball, location: 2F 0-2: Strikes out looking
|
Top of the 8th over - 0 run(s), 0 hit(s), 0 error(s), 0 left on base; District 9 0 - Las Vegas 8 |
BOTTOM OF THE 8TH |
Las Vegas Stars batting - Pitching for District 9 Prawns : RHP Eduardo Delgado
|
Batting: RHB José Pinto
|
0-0: Ball 1-0: Swinging Strike 1-1: Ball 2-1: Foul Ball, location: 2F 2-2: Foul Ball, location: 2F 2-2: Ball 3-2: Base on Balls
|
Batting: SHB Júlio Salazar
|
0-0: Ball 1-0: Ball 2-0: Ball 3-0: Base on Balls José Pinto to second
|
Batting: LHB Patrick Osborne
|
0-0: Ball 1-0: Called Strike 1-1: Ball 2-1: Fly out, F7 (Line Drive, 78D)
|
Pinch Hitting: RHB Bobby Miller
|
0-0: Foul Ball, location: 2F 0-1: Swinging Strike 0-2: Ball 1-2: Ball 2-2: Ball 3-2: Base on Balls José Pinto to third Júlio Salazar to second
|
Batting: LHB Bryan Foster
|
0-0: Ball 1-0: Foul Ball, location: 2F 1-1: Ball 2-1: Grounds into double play, 6-4-3 (Groundball, 6)
|
Bottom of the 8th over - 0 run(s), 0 hit(s), 0 error(s), 2 left on base; District 9 0 - Las Vegas 8 |
TOP OF THE 9TH |
District 9 Prawns batting - Pitching for Las Vegas Stars : RHP Roberto Moreno
|
Now at SS: Bobby Miller
|
|
Batting: SHB Rick Turner
|
0-0: Ball 1-0: Called Strike 1-1: Ball 2-1: Called Strike 2-2: Ground out 6-3 (Groundball, 6)
|
Batting: RHB Reynold Akker
|
0-0: Ball 1-0: Swinging Strike 1-1: Ball 2-1: Swinging Strike 2-2: Fly out, F9 (Flyball, 89M)
|
Batting: SHB José Estreito
|
0-0: Foul Ball, location: 2F 0-1: Ball 1-1: Ball 2-1: SINGLE (Groundball, 4D)
|
Batting: LHB Al Bartlett
|
0-0: Ball 1-0: Ball 2-0: SINGLE (Line Drive, 7LS) José Estreito to second
|
Batting: LHB Culley Vaughan
|
0-0: Foul Ball, location: 2F 0-1: Ball 1-1: Ball 2-1: TRIPLE (Line Drive, 9LS) José Estreito scores Al Bartlett scores
|
Batting: RHB Phil Jacobs
|
0-0: Ball 1-0: Called Strike 1-1: DOUBLE (Line Drive, 89D) Culley Vaughan scores
|
Pitching: RHP Mike Drader
|
|
Batting: SHB Félix Montoya
|
0-0: SINGLE (Line Drive, 8LS) Phil Jacobs to third
|
Batting: RHB José Colón
|
0-0: SINGLE (Line Drive, 4MD) Phil Jacobs scores Félix Montoya to second Runner from 2nd tries for 3rd, SAFE, no throw
|
Pitching: RHP Jorge Oliva
|
|
Batting: RHB Felipe Jareño
|
0-0: Ball 1-0: Foul Ball, location: 2F 1-1: Foul Ball, location: 2F 1-2: Ball 2-2: Ball 3-2: Strikes out swinging
|
Top of the 9th over - 4 run(s), 6 hit(s), 0 error(s), 2 left on base; District 9 4 - Las Vegas 8 |
|